 Dungeon Crawl Stone Soup version 0.29-a0-330-g52719c12eb (webtiles) character file.

Game seed: 644226200148020735

725 night the Vexing (level 7, -8/53 HPs)
             Began as a Gnoll Arcane Marksman on May 10, 2022.
             Was a Priest of Cheibriados.
             Mangled by a two-headed ogre
             ... wielding a +0 giant spiked club
              (23 damage)
             ... on level 5 of the Dungeon.
             The game lasted 00:11:52 (4048 turns).

night the Vexing (Gnoll Arcane Marksman)            Turns: 4048, Time: 00:11:53

Health: -8/53      AC:  8    Str: 17    XL:     7   Next: 72%
Magic:  6/12       EV: 14    Int: 23    God:    Cheibriados [***...]
Gold:   223        SH:  0    Dex: 20    Spells: 5/13 levels left

rFire   + . .      SeeInvis .   a - +1 shortbow
rCold   . . .      Faith    .   (shield currently unavailable)
rNeg    + . .      Spirit   .   d - +0 ring mail {rF+}
rPois   .          Reflect  .   f - +0 helmet
rElec   .          Harm     .   r - +0 cloak
rCorr   .          Rampage  .   (no gloves)
Will    +....      Rage     1%  x - +0 pair of boots
Stlth   ++........              (no amulet)
HPRegen 0.17/turn               n - ring of positive energy
MPRegen 0.13/turn               p - ring of willpower

@: about to teleport, unable to read, very slow
A: fangs 1, strong nose, distributed training, berserk 1, inability to read
while threatened, devolution 1
a: Renounce Religion, Bend Time, Temporal Distortion


You were on level 5 of the Dungeon.
You worshipped Cheibriados.
Cheibriados was most pleased with you.
You visited 1 branch of the dungeon, and saw 5 of its levels.

You collected 223 gold pieces.

Inventory:

Hand Weapons
 a - a +1 shortbow (weapon)
 q - a +0 war axe
 s - the +3 whip of Xom's Envy {drain, rElec Will- Dex+2}
   (You found it on level 4 of the Dungeon)

   A truly terrible weapon, it drains the life of any living foe it strikes.
   Dex:       It affects your dexterity (+2).
   rElec:     It insulates you from electricity.
   Will:      It decreases your willpower.
Missiles
 e - 88 stones
 t - 7 poisoned darts
Armour
 d - a +0 ring mail of fire resistance (worn)
 f - a +0 helmet (worn)
 r - a +0 cloak (worn)
 x - a +0 pair of boots (worn)
Jewellery
 n - a ring of positive energy (left hand)
 p - a ring of willpower (right hand)
 y - an amulet of reflection
Wands
 v - a wand of flame (1)
Scrolls
 c - a scroll of vulnerability
 i - 6 scrolls of identify
 k - 2 scrolls of teleportation
 u - a scroll of holy word
Potions
 b - a potion of haste {unknown}
 g - a potion of attraction
 h - 2 potions of brilliance
 m - a potion of invisibility {unknown}
 w - a potion of ambrosia {unknown}


   Skills:
 + Level 3.7 Fighting
 + Level 2.6 Short Blades
 + Level 2.6 Long Blades
 + Level 2.6 Axes
 + Level 2.6 Maces & Flails
 + Level 2.6 Polearms
 + Level 2.6 Staves
 + Level 2.6 Slings
 + Level 5.3 Bows
 + Level 2.6 Crossbows
 + Level 2.6 Throwing
 + Level 2.6 Armour
 + Level 5.3 Dodging
 + Level 2.6 Stealth
 + Level 2.6 Shields
 + Level 2.6 Unarmed Combat
 + Level 3.9 Spellcasting
 + Level 2.1 Conjurations
 + Level 5.9 Hexes
 + Level 2.1 Summonings
 + Level 2.1 Necromancy
 + Level 2.1 Translocations
 + Level 2.1 Transmutations
 + Level 2.1 Fire Magic
 + Level 2.1 Ice Magic
 + Level 2.1 Air Magic
 + Level 2.1 Earth Magic
 + Level 2.1 Poison Magic
 + Level 3.0 Invocations
 + Level 2.6 Evocations


You had 5 spell levels left.
You knew the following spells:

 Your Spells              Type           Power      Damage    Failure   Level
a - Slow                  Hex            100%       N/A       1%          1
b - Cause Fear            Hex            15%        N/A       16%         4
c - Lesser Beckoning      Tloc           14%        N/A       22%         3

Your spell library contained the following spells:

 Spells                   Type           Power      Damage    Failure   Level
 Inner Flame              Hex/Fire       23%        N/A       11%         3
 Portal Projectile        Hex/Tloc       46%        N/A       11%         3
 Gell's Gravitas          Tloc           14%        N/A       22%         3
 Teleport Other           Tloc           14%        N/A       22%         3
 Discord                  Hex            15%        N/A       100%        8


Dungeon Overview and Level Annotations

Branches:
Dungeon (5/15)             Temple (0/1) D:4

Altars:
Cheibriados
Fedhas
Okawaru


Innate Abilities, Weirdness & Mutations

You have very sharp teeth.
Your uncanny sense of smell can sniff out nearby items.
Your experience applies equally to all skills.
You tend to lose your temper in combat.
You sometimes lose the ability to read scrolls when taking damage.
You have hidden genetic defects.


Message History

The centaur hits you but does no damage.
The centaur barely misses you. The orc hits you but does no damage.
It was a potion of cancellation.
You feel magically purged. The centaur hits you.
* * * LOW HITPOINT WARNING * * *
The centaur kicks you but does no damage.
Something hits you but does no damage. The orc closely misses you.
Okay, then.
Okay, then.
Casting: Lesser Beckoning (dangerous; 22% risk of failure)
Confirm with . or Enter, or press ? or * to list all spells.
The spell is quite dangerous to miscast (16% risk of failure)!
Continue anyway?
Casting: Cause Fear (quite dangerous; 16% risk of failure)
Press: ? - help, Dir - look around, f - activate The two-headed ogre resists with some effort.
The centaur easily resists.
The orc looks frightened!
The necrophage is unaffected.
The centaur closely misses you. The centaur misses you.
The centaur closely misses you. The centaur misses you.
The two-headed ogre barely misses you. The two-headed ogre closely misses you.
As you read the scroll of teleportation, it crumbles to dust.
You feel strangely unstable. The centaur barely misses you.
The centaur completely misses you.
Okay, then.
It was a potion of curing.
You feel better. The centaur hits you.
You feel threatened and lose the ability to read scrolls!
* * * LOW HITPOINT WARNING * * *
The centaur misses you. The two-headed ogre barely misses you.
The two-headed ogre misses you.
The orc gibbers meaninglessly.
The centaur hits you but does no damage.
The centaur kicks you but does no damage.
You feel better.
You can read scrolls again.
The centaur hits you but does no damage.
The centaur kicks you.
* * * LOW HITPOINT WARNING * * *
The necrophage completely misses you.
The two-headed ogre hits you with a +0 giant spiked club!!
You feel threatened and lose the ability to read scrolls!
You die...

.# .# . ..# ..
#+#### ..#...
#....##+#......
#####....##.......
#..##.....ncO.#
#..........@?.#
#.............# #
#..####..##.o##
##.###..####+######
#..........+
#..........#
#..........#
#.>........#
#..##..##.## ####


You could see a two-headed ogre, a necrophage, a centaur and an orc (fleeing).

Vanquished Creatures
  Eustachio (D:4)
  A black bear (D:4)
  An ogre (D:5)
  3 hounds
  A jelly (D:4)
  An orc priest (D:5)
  An iguana (D:4)
  Ijyb (D:4)
  An orc wizard (D:4)
  3 gnolls
  4 adders
  2 white imps
  An ufetubus (D:4)
  2 worms
  2 dart slugs
  9 orcs
  4 bats
  5 endoplasms
  A giant cockroach (D:1)
  13 goblins
  8 hobgoblins
  2 jackals (D:3)
  4 quokkas
  10 ball pythons
  2 frilled lizards
  3 kobolds
  7 rats
93 creatures vanquished.

Notes
Turn   | Place    | Note
-------+----------+-------------------------------------------
     0 | D:1      | night the Gnoll Arcane Marksman began the quest for the
                  | Orb.
     0 | D:1      | Reached XP level 1. HP: 17/17 MP: 4/4
   121 | D:1      | Reached XP level 2. HP: 23/23 MP: 5/5
   327 | D:1      | Found a faded altar of an unknown god.
   336 | D:1      | Prayed at the altar of an unknown god.
   336 | D:1      | Became a worshipper of Cheibriados the Contemplative
   336 | D:1      | Reached * piety under Cheibriados
   602 | D:1      | Reached XP level 3. HP: 28/28 MP: 7/7
   746 | D:2      | Reached skill level 1 in Invocations
  1054 | D:2      | Reached skill level 1 in Short Blades
  1054 | D:2      | Reached skill level 1 in Long Blades
  1054 | D:2      | Reached skill level 1 in Axes
  1054 | D:2      | Reached skill level 1 in Maces & Flails
  1054 | D:2      | Reached skill level 1 in Polearms
  1054 | D:2      | Reached skill level 1 in Staves
  1054 | D:2      | Reached skill level 1 in Slings
  1054 | D:2      | Reached skill level 1 in Crossbows
  1054 | D:2      | Reached skill level 1 in Throwing
  1054 | D:2      | Reached skill level 1 in Armour
  1054 | D:2      | Reached skill level 1 in Stealth
  1054 | D:2      | Reached skill level 1 in Shields
  1054 | D:2      | Reached skill level 1 in Unarmed Combat
  1054 | D:2      | Reached skill level 1 in Evocations
  1073 | D:2      | Reached ** piety under Cheibriados
  1074 | D:2      | Reached XP level 4. HP: 34/34 MP: 8/8
  1359 | D:3      | Found a blossoming altar of Fedhas.
  1498 | D:3      | Found an iron altar of Okawaru.
  1529 | D:3      | Reached skill level 1 in Conjurations
  1529 | D:3      | Reached skill level 1 in Summonings
  1529 | D:3      | Reached skill level 1 in Necromancy
  1529 | D:3      | Reached skill level 1 in Translocations
  1529 | D:3      | Reached skill level 1 in Transmutations
  1529 | D:3      | Reached skill level 1 in Fire Magic
  1529 | D:3      | Reached skill level 1 in Ice Magic
  1529 | D:3      | Reached skill level 1 in Air Magic
  1529 | D:3      | Reached skill level 1 in Earth Magic
  1529 | D:3      | Reached skill level 1 in Poison Magic
  1984 | D:4      | Reached *** piety under Cheibriados
  1998 | D:4      | Found a staircase to the Ecumenical Temple.
  2060 | D:4      | Reached XP level 5. HP: 40/40 MP: 9/9
  2082 | D:4      | Identified the +3 whip of Xom's Envy {drain, rElec Will-
                  | Dex+2}
  2497 | D:4      | Noticed Ijyb
  2509 | D:4      | Killed Ijyb
  2510 | D:4      | Reached skill level 2 in Invocations
  2510 | D:4      | Reached XP level 6. HP: 34/47 MP: 10/10
  2677 | D:4      | Noticed Eustachio
  3041 | D:4      | Learned a level 4 spell: Cause Fear
  3045 | D:4      | Learned a level 3 spell: Lesser Beckoning
  3449 | D:5      | Entered Level 5 of the Dungeon
  3477 | D:5      | Reached skill level 2 in Short Blades
  3477 | D:5      | Reached skill level 2 in Long Blades
  3477 | D:5      | Reached skill level 2 in Axes
  3477 | D:5      | Reached skill level 2 in Maces & Flails
  3477 | D:5      | Reached skill level 2 in Polearms
  3477 | D:5      | Reached skill level 2 in Staves
  3477 | D:5      | Reached skill level 2 in Slings
  3477 | D:5      | Reached skill level 5 in Bows
  3477 | D:5      | Reached skill level 2 in Crossbows
  3477 | D:5      | Reached skill level 2 in Throwing
  3477 | D:5      | Reached skill level 2 in Armour
  3477 | D:5      | Reached skill level 5 in Dodging
  3477 | D:5      | Reached skill level 2 in Stealth
  3477 | D:5      | Reached skill level 2 in Shields
  3477 | D:5      | Reached skill level 2 in Unarmed Combat
  3477 | D:5      | Reached skill level 2 in Evocations
  3525 | D:5      | Noticed a black bear
  3543 | D:4      | Reached XP level 7. HP: 37/52 MP: 9/12
  3562 | D:4      | Killed Eustachio
  3563 | D:4      | Reached skill level 2 in Conjurations
  3563 | D:4      | Reached skill level 2 in Summonings
  3563 | D:4      | Reached skill level 2 in Necromancy
  3563 | D:4      | Reached skill level 2 in Translocations
  3563 | D:4      | Reached skill level 2 in Transmutations
  3563 | D:4      | Reached skill level 2 in Fire Magic
  3563 | D:4      | Reached skill level 2 in Ice Magic
  3563 | D:4      | Reached skill level 2 in Air Magic
  3563 | D:4      | Reached skill level 2 in Earth Magic
  3563 | D:4      | Reached skill level 2 in Poison Magic
  4039 | D:5      | Noticed a two-headed ogre
  4042 | D:5      | HP: 4/53 [orc/+0 hand axe (5)]
  4043 | D:5      | Gained mutation: You have hidden genetic defects. [potion
                  | of mutation]
  4043 | D:5      | Gained mutation: You tend to lose your temper in combat.
                  | [potion of mutation]
  4043 | D:5      | Gained mutation: You sometimes lose the ability to read
                  | scrolls when taking damage. [potion of mutation]
  4048 | D:5      | Mangled by a two-headed ogre

Illustrated notes

Levels and vault maps discovered:
D:1:      wander_arrival_estate, layout_loops_cross,
          ebering_ecumenical_altar_petrified, minmay_tripent
D:2:      kennysheep_the_goblin_king, layout_rooms, serial_bayou_pond_c
D:3:      layout_basic, fedhas_ov_isle_minmay, okawaru_trees_2
D:4:      layout_layer_cave, minmay_temple_entry_grid, uniq_ijyb, uniq_eustachio
D:5:      layout_gridville, minmay_manual_mandibuliform

Skill      XL: |  1  2  3  4  5  6  7 |
---------------+----------------------+-----
Invocations    | 1 2 3 |  3.0
Short Blades   | 1 2 |  2.6
Long Blades    | 1 2 |  2.6
Axes           | 1 2 |  2.6
Maces & Flails | 1 2 |  2.6
Polearms       | 1 2 |  2.6
Staves         | 1 2 |  2.6
Slings         | 1 2 |  2.6
Crossbows      | 1 2 |  2.6
Throwing       | 1 2 |  2.6
Armour         | 1 2 |  2.6
Stealth        | 1 2 |  2.6
Shields        | 1 2 |  2.6
Unarmed Combat | 1 2 |  2.6
Evocations     | 1 2 |  2.6
Spellcasting   | 3 |  3.9
Conjurations   | 1 2 |  2.1
Summonings     | 1 2 |  2.1
Necromancy     | 1 2 |  2.1
Translocations | 1 2 |  2.1
Transmutations | 1 2 |  2.1
Fire Magic     | 1 2 |  2.1
Ice Magic      | 1 2 |  2.1
Air Magic      | 1 2 |  2.1
Earth Magic    | 1 2 |  2.1
Poison Magic   | 1 2 |  2.1
Fighting       | 3 |  3.7
Bows           | 5 |  5.3
Dodging        | 5 |  5.3
Hexes          | |  5.9

Action                   |  1- 3 |  4- 6 |  7- 9 || total
-------------------------+-------+-------+-------++-------
Melee: War axe           |       |    11 |       ||    11
 Fire: Shortbow          |    99 |   150 |    43 ||   292
 Cast: Slow              |     1 |     2 |       ||     3
       Cause Fear        |       |     1 |     1 ||     2
Invok: Bend Time         |       |       |     1 ||     1
Evoke: Wand              |       |       |     2 ||     2
  Use: Scroll            |     4 |     8 |     1 ||    13
       Potion            |       |       |     4 ||     4
Armor: Ring mail         |    21 |    56 |    23 ||   100
Dodge: Dodged            |    32 |    86 |    50 ||   168

Table legend: (Time is in decaauts)
 A = Elapsed time spent in this place.
 B = Non-inter-level travel time spent in this place.
 C = Inter-level travel time spent in this place.
 D = Time resting spent in this place.
 E = Time spent auto-exploring this place.
 F = Levels seen in this place.
 G = Mean time per level.
                   A        B        C        D        E       F      G
               +--------+--------+--------+--------+--------+-----+--------+
         Total |   5416 |   5166 |    250 |    648 |   3702 |   5 | 1083.2 |
       Dungeon |   5416 |   5166 |    250 |    648 |   3702 |   5 | 1083.2 |
               +--------+--------+--------+--------+--------+-----+--------+

Top non-repeatable levels by time:
     D:4: 2409 daAuts
     D:3: 1025 daAuts
     D:1: 876 daAuts
     D:2: 805 daAuts
     D:5: 298 daAuts
